Map: Tryton ER

Players

kers - Winner!

  • Race: Protoss Protoss
  • League: Platinum
  • Spawn Location: 11:00

Jerome

  • Race: Terran Terran
  • League: Platinum
  • Spawn Location: 5:00

VOD

Have the link to the VOD?

Description

Time

  • Played on: March 3, 2020, 2:06 p.m.
  • Length: 12:53
Show
View Real Time Build Order
Export as new Build Order

kers Protoss - Winner!

Build Orders: 1 Gate Expand, Archon Immortal 

Get SALT Encoding   

  12  0:00  Probe  
  13  0:12  Probe  
  14  0:23  Pylon  
  14  0:25  Probe  
  15  0:41  Probe  
  16  0:45  Gateway  
  16  0:49  Assimilator  
  16  0:53  Probe (Chrono Boost)  
  17  1:03  Probe (Chrono Boost)  
  18  1:08  Probe (Chrono Boost)  
  19  1:20  Probe  
  20  1:32  Probe  
  21  1:38  Nexus  
  21  1:44  Probe  
  22  1:50  Pylon  
  22  1:59  Probe  
  23  2:06  Cybernetics Core  
  23  2:11  Zealot (Chrono Boost)  
  25  2:16  Probe  
  26  2:25  Probe  
  26  2:26  Forge  
  26  2:33  Assimilator  
  26  2:37  Probe  
  26  2:42  Warp Gate (Chrono Boost)  
  27  2:49  Probe  
  28  2:51  Probe  
  29  3:01  Probe  
  29  3:02  Adept  
  29  3:03  Probe  
  33  3:13  Probe  
  33  3:16  Probe  
  35  3:20  Robotics Facility  
  35  3:25  Probe  
  36  3:28  Probe  
  36  3:30  Protoss Ground Weapons Level 1 (Chrono Boost)  
  36  3:33  Pylon  
  37  3:38  Probe  
  37  3:40  Probe  
  39  3:44  Shield Battery  
  39  3:50  Probe, Assimilator  
  39  3:52  Probe  
  39  3:53  Assimilator  
  41  4:02  Probe  
  42  4:04  Probe  
  43  4:11  Gateway  
  43  4:13  Gateway  
  43  4:14  Probe  
  43  4:15  Observer (Chrono Boost)  
  43  4:16  Probe  
  46  4:19  Sentry  
  48  4:26  Probe  
  48  4:28  Probe  
  48  4:29  Immortal (Chrono Boost)  
  54  4:47  Pylon  
  54  4:49  Pylon  
  54  4:50  Pylon  
  54  4:53  Pylon  
  54  5:04  Pylon  
  54  5:05  Probe x2  
  54  5:06  Immortal  
  60  5:08  Sentry  
  60  5:10  Stalker x2  
  66  5:17  Probe x2  
  68  5:29  Probe x2  
  68  5:31  Pylon  
  68  5:35  Pylon  
  69  5:41  Probe x2  
  71  5:43  Twilight Council  
  71  5:45  Immortal  
  75  5:53  Probe x2  
  77  6:00  Protoss Ground Armor Level 1 (Chrono Boost)  
  77  6:05  Probe x2  
  77  6:07  Nexus  
  77  6:08  Pylon  
  79  6:18  Probe x2, Photon Cannon  
  81  6:20  Photon Cannon  
  81  6:26  Charge  
  81  6:29  Templar Archives  
  81  6:30  Probe x2  
  83  6:35  Pylon  
  83  6:42  Probe x2  
  85  6:52  Gateway  
  85  6:53  Gateway  
  87  6:54  Probe x2  
  87  6:55  Gateway  
  87  6:56  Gateway  
  87  6:58  Gateway  
  87  7:06  Probe x2  
  87  7:07  High Templar  
  87  7:08  High Templar  
  93  7:13  Observer  
  94  7:17  High Templar  
  94  7:18  Probe x2  
  94  7:22  Probe  
  99  7:30  Probe x2, Assimilator  
  99  7:32  Assimilator  
  99  7:34  Probe  
  99  7:35  Photon Cannon  
  99  7:36  Photon Cannon  
  102  7:39  Photon Cannon  
  102  7:42  Probe x2  
  102  7:43  High Templar  
  102  7:44  High Templar  
  108  7:46  Probe  
  108  7:48  Archon x2  
  108  7:49  Sentry  
  111  7:52  Sentry  
  111  7:57  Observer  
  114  8:07  High Templar x2  
  114  8:11  Archon  
  114  8:12  Protoss Ground Weapons Level 2 (Chrono Boost)  
  118  8:17  Warp Prism  
  120  8:22  Zealot x3  
  120  8:23  Zealot x3  
  132  8:31  Pylon  
  132  8:33  Pylon  
  132  8:38  Pylon  
  132  8:41  High Templar x2  
  136  8:43  Zealot x2  
  140  8:53  Immortal  
  144  9:00  Pylon x2  
  144  9:02  Pylon  
  144  9:03  Pylon  
  144  9:09  High Templar, Photon Cannon x2  
  146  9:10  High Templar  
  146  9:12  Photon Cannon  
  146  9:13  Photon Cannon  
  146  9:14  Photon Cannon  
  148  9:20  Photon Cannon  
  148  9:25  Zealot x3  
  148  9:27  High Templar x2  
  148  9:29  Archon  
  148  9:30  Archon  
  158  9:31  Archon  
  158  9:33  Immortal  
  162  9:52  Pylon  
  162  9:53  Pylon  
  162  9:56  Zealot x5  
  162  9:57  Zealot  
  174  10:12  Immortal  
  178  10:15  Gateway  
  178  10:16  Gateway  
  178  10:20  Gateway  
  178  10:24  Gateway  
  176  10:29  Zealot x3  
  176  10:30  Zealot x5  
  166  11:04  High Templar x2  
  166  11:05  High Templar x3  
  166  11:06  High Templar x2  
  166  11:07  High Templar  
  166  11:09  Archon x2  
  166  11:10  Archon  
  166  11:11  Archon  
  182  11:19  Zealot x4  
  164  11:41  Observer  
  164  11:46  Zealot x3  
  164  11:47  Zealot x6  
  166  11:48  Zealot x2  
  180  12:12  Zealot x5  
  180  12:13  Zealot x4  
  192  12:32  Zealot x2  
  192  12:33  Zealot x4  
Show
View Real Time Build Order
Export as new Build Order

Jerome Terran 

Build Orders:  

Get SALT Encoding   

  12  0:02  SCV  
  13  0:14  SCV  
  14  0:22  Supply Depot  
  14  0:26  SCV  
  15  0:43  SCV  
  15  0:46  Barracks  
  16  0:55  SCV  
  17  1:03  Barracks  
  17  1:07  SCV  
  18  1:20  SCV  
  18  1:22  Refinery  
  19  1:32  SCV  
  20  1:35  Supply Depot  
  20  1:41  Marine  
  21  1:53  Orbital Command  
  21  1:59  Marine  
  22  2:17  Marine  
  23  2:25  Marine  
  23  2:29  SCV  
  25  2:35  Marine  
  26  2:41  SCV  
  26  2:43  Marine  
  28  2:49  Factory  
  28  2:53  SCV  
  28  2:55  Marine  
  30  3:00  Marine  
  31  3:13  Engineering Bay  
  31  3:16  Refinery  
  31  3:22  Supply Depot  
  31  3:28  Barracks Reactor  
  31  3:30  Barracks Tech Lab  
  31  3:44  SCV, Terran Infantry Weapons Level 1  
  31  3:46  Supply Depot, Missile Turret, Factory Tech Lab  
  32  4:13  Command Center  
  32  4:19  Siege Tank  
  35  4:35  Marauder  
  35  4:38  Marine x2  
  38  4:40  Stimpack  
  39  4:47  SCV  
  40  4:56  Marine x2, Marauder  
  45  5:00  SCV  
  45  5:13  Supply Depot  
  45  5:18  Supply Depot  
  45  5:23  SCV  
  45  5:24  Siege Tank  
  45  5:26  Marauder  
  51  5:35  SCV, Supply Depot  
  51  5:36  Orbital Command  
  51  5:40  Terran Infantry Armor Level 1  
  52  5:47  SCV  
  53  5:52  Refinery  
  53  5:54  Refinery  
  53  6:00  Missile Turret  
  53  6:12  Marauder  
  55  6:19  Siege Tank  
  55  6:22  Missile Turret  
  55  6:24  Supply Depot  
  58  6:29  Armory  
  58  6:43  SCV  
  59  6:49  Engineering Bay  
  59  6:50  Combat Shield  
  59  6:55  SCV  
  59  7:01  Starport  
  60  7:07  SCV x2  
  62  7:19  SCV x2, Armory  
  62  7:20  Terran Vehicle Weapons Level 1  
  64  7:28  Terran Infantry Weapons Level 2  
  64  7:31  SCV x2  
  66  7:40  Starport Reactor  
  66  7:43  SCV  
  66  7:44  SCV  
  68  7:47  Terran Infantry Armor Level 2  
  68  7:50  Supply Depot  
  68  7:55  SCV  
  68  7:56  SCV  
  70  8:08  SCV x2, Terran Vehicle And Ship Armor Level 1  
  72  8:13  Supply Depot  
  72  8:15  Command Center  
  72  8:20  SCV  
  73  8:35  Supply Depot  
  73  8:38  Viking x2  
  77  8:43  Marine x2  
  77  8:48  Marauder  
  81  8:58  SCV  
  81  9:01  Marine x2  
  84  9:08  Medivac, Viking  
  88  9:18  Marine  
  88  9:19  Marine  
  90  9:39  Medivac x2  
  90  9:45  Barracks  
  94  9:50  Thor  
  94  9:51  Barracks  
  100  9:54  Marine x2  
  100  9:57  Marauder  
  98  10:09  Medivac x2  
  98  10:12  Marine x2  
  102  10:19  Marauder  
  99  10:29  Marine  
  99  10:30  Marine  
  99  10:39  Medivac, Viking  
  99  10:40  Marauder  
  100  10:47  Marine x2, Thor  
  108  10:55  Orbital Command  
  108  11:01  Marauder  
  110  11:23  Marauder  
  92  11:44  Marauder  
  60  11:48  Viking x2  
  51  11:56  Siege Tank  
  51  12:00  SCV  
  55  12:06  Marauder  
  57  12:12  SCV  
  55  12:25  SCV  
  50  12:37  SCV  
Tags
 
Add a new tag
Caveats
  • Supply blocks, unpowered buildings, or Contaminate may cause inaccurate times.
  • Supply counts are checked every 10 seconds.